 Dungeon Crawl Stone Soup version 0.21-a0-444-g29a2fec (webtiles) character file.

98 zaque the Vexing (level 4, -4/41 HPs)
             Began as an Ogre Arcane Marksman on Nov 17, 2017.
             Slain by an orc
             ... wielding a +0 mace
              (9 damage)
             ... on level 3 of the Dungeon.
             The game lasted 00:09:47 (3092 turns).

zaque the Vexing (Ogre Arcane Marksman)             Turns: 3092, Time: 00:09:48

Health: -4/41      AC:  3    Str: 14    XL:     4   Next: 71%
Magic:  6/6        EV: 10    Int: 15    God:
Gold:   82         SH:  0    Dex: 13    Spells: 3/6 levels left

rFire    . . .     SeeInvis .   e - +0 mace
rCold    . . .     Gourm    .   (no shield)
rNeg     . . .     Faith    .   a - +0 robe
rPois    .         Spirit   .   (helmet restricted)
rElec    .         Reflect  .   (no cloak)
rCorr    .         Harm     .   (gloves unavailable)
MR       .....                  (boots unavailable)
Stlth    +.........             (no amulet)
HPRegen  0.13/turn              i - ring of wizardry
MPRegen  0.10/turn              o - +4 ring of dexterity

@: no status effects
A: unfitting armour, tough skin 1
a: no special abilities


You were on level 3 of the Dungeon.
You were not hungry.

You visited 1 branch of the dungeon, and saw 3 of its levels.

You collected 82 gold pieces.

Inventory:

Hand Weapons
 e - a +0 mace (weapon)
Missiles
 c - 4 large rocks
 d - 2 throwing nets
 m - 88 stones (quivered)
Armour
 a - a +0 robe (worn)
Jewellery
 i - a ring of wizardry (left hand)
 o - a +4 ring of dexterity (right hand)
Scrolls
 h - 3 scrolls of identify {unknown}
 l - a scroll of remove curse {unknown}
 p - a scroll of noise {unknown}
 q - a scroll of fog {unknown}
 r - a scroll of magic mapping {unknown}
 u - 2 scrolls of teleportation {unknown}
 y - a scroll of immolation {unknown}
Potions
 j - 2 potions of curing {unknown}
 k - a potion of cancellation {unknown}
 n - a potion of haste {unknown}
 s - a potion of invisibility {unknown}
 t - a potion of agility {unknown}
 v - a potion of magic {unknown}
 w - 2 potions of heal wounds {unknown}
 z - a potion of flight {unknown}
Books
 b - a book of Debilitation

   Spells                             Type                      Level
   a - Corona                         Hexes                        1
   b - Slow                           Hexes                        2
   c - Inner Flame                    Hexes/Fire                   3
   d - Portal Projectile              Hexes/Translocation          3
   e - Cause Fear                     Hexes                        4
   f - Leda's Liquefaction            Hexes/Earth                  4
Comestibles
 f - 2 bread rations
 g - 2 royal jellies
 x - 3 fruits


   Skills:
 + Level 1.6 Fighting
 + Level 1.0 Maces & Flails
 * Level 3.0 Throwing
 + Level 2.1 Dodging
 + Level 1.6 Spellcasting
 * Level 3.6 Hexes


You had 3 spell levels left.
You knew the following spells:

 Your Spells              Type           Power        Failure   Level  Hunger
a - Corona                Hex            ##.....      1%          1    ##.....
b - Slow                  Hex            ##......     3%          2    ###....


Dungeon Overview and Level Annotations

Branches:
Dungeon (3/15)

Altars:


Innate Abilities, Weirdness & Mutations

You are too large for most types of armour.
You have tough skin. (AC +1)


Message History

The orc priest is almost dead.
The orc priest misses you.
You hit the orc priest but do no damage.
The orc priest is almost dead.
The orc priest stops glowing.
The orc priest hits you with a flail.
* * * LOW HITPOINT WARNING * * *
You hit the orc priest.
You kill the orc priest!
Your Maces & Flails skill increases to level 1!
Your Throwing skill increases to level 3!
You hit the orc.
The orc is lightly wounded.
The orc hits you with a mace.
* * * LOW HITPOINT WARNING * * *
The orc hits you with a mace.
* * * LOW HITPOINT WARNING * * *
You hit the orc.
The orc is heavily wounded.
The orc hits you with a mace!
You die...

#..#.###.#
##.##.##.#
#...#.#.#
##..##.##
##....#.#
##..#..###
#...#...#
#.#.#.#.#
#@#.#.###
#o#...
.o.....##...
......o ..#.
.o..... ###.
.......
.......
..(...#
......


You could see 2 orcs.

Vanquished Creatures
  An orc priest (D:3)
  2 adders
  3 worms (D:2)
  2 leopard geckos
  2 orcs (D:3)
  2 giant cockroaches
  7 goblins
  5 hobgoblins
  2 jackals (D:1)
  2 quokkas (D:3)
  3 bats
  3 frilled lizards
  8 rats
  2 plants (D:1)
44 creatures vanquished.

Notes
Turn   | Place    | Note
-------+----------+-------------------------------------------
     0 | D:1      | zaque the Ogre Arcane Marksman began the quest for the Orb.
     0 | D:1      | Reached XP level 1. HP: 19/19 MP: 2/2
   627 | D:1      | Reached XP level 2. HP: 27/27 MP: 3/3
  1606 | D:1      | Reached XP level 3. HP: 11/33 MP: 1/4
  2643 | D:2      | Reached XP level 4. HP: 41/41 MP: 4/6
  2774 | D:2      | Learned a level 2 spell: Slow
  3090 | D:3      | Reached skill level 1 in Maces & Flails
  3092 | D:3      | Slain by an orc

Vault maps used:
D:1:      roderic_crop_circles_arrival_small
D:2:      first_bread
D:3:      wad_crossroads, overflow_temple_1_default, uniq_natasha

Skill      XL: |  1  2  3  4 |
---------------+-------------+-----
Hexes          | 3 |  3.6
Dodging        | 2 |  2.1
Maces & Flails | 1 |  1.0
Throwing       | 3 |  3.0
Fighting       | |  1.6
Spellcasting   | |  1.6

Action                   |  1- 3 |  4- 6 || total
-------------------------+-------+-------++-------
Melee: Unarmed           |   208 |       ||   208
       Mace              |   168 |    56 ||   224
Throw: Stone             |    45 |    17 ||    62
 Cast: Corona            |    19 |    10 ||    29
       Slow              |       |     1 ||     1
  Eat: Chunk             |     6 |     3 ||     9
Armor: Robe              |    41 |     8 ||    49
Dodge: Dodged            |    71 |    35 ||   106

Table legend:
 A = Spawn XP
 B = Non-spawn XP
 C = Spawn XP percentage of total XP
 D = Spawn monster count
 E = Non-spawn monster count
 F = Spawn count percentage of total count
 G = Total turns spent on level
                    A         B        C        D         E        F      G
               +---------+---------+-------+---------+---------+-------+---------
         Total |       0 |     141 |   0.0 |       0 |      42 |   0.0 |  3092
               +---------+---------+-------+---------+---------+-------+---------
           D:1 |       0 |      43 |   0.0 |       0 |      19 |   0.0 |  2041
           D:2 |       0 |      48 |   0.0 |       0 |      17 |   0.0 |   734
           D:3 |       0 |      50 |   0.0 |       0 |       6 |   0.0 |   317
               +---------+---------+-------+---------+---------+-------+---------
